 Dungeon Sprint DCSS version 0.24-a0-250-g6074511092 (webtiles) character file.

Game seed: 25057125164437971

140 Redear the Ruffian (level 5, -12/55 HPs)
             Began as a Troll Fighter on Apr 15, 2019.
             Mangled by a sixfirhy (13 damage)
             ... summoned by a deep elf mage
             ... in the Dungeon (Sprint III: "The Ten Rune Challenge").
             The game lasted 00:01:02 (209 turns).

Redear the Ruffian (Troll Fighter)                   Turns: 209, Time: 00:01:03

Health: -12/55     AC:  2    Str: 26    XL:     5   Next: 2%
Magic:  4/4        EV:  9    Int:  4    God:
Gold:   33         SH:  9    Dex: 10    Spells: 4/4 levels left

rFire    . . .     SeeInvis .     - Unarmed
rCold    . . .     Gourm    +   b - +0 shield
rNeg     . . .     Faith    .   a - +0 robe
rPois    .         Spirit   .   (helmet restricted)
rElec    .         Reflect  .   (no cloak)
rCorr    .         Harm     .   (gloves unavailable)
MR       .....     NoTele   +   (boots unavailable)
Stlth    +.........             (no amulet)
HPRegen  0.58/turn              (no ring)
MPRegen  0.09/turn              (no ring)

@: corroded, drained
A: large, unfitting armour, claws 3, horns 1, fast metabolism 3, gourmand,
regeneration 1, shaggy fur 1, strong 1, tough skin 3
a: no special abilities


You were in the Dungeon.
You were full.

You visited 1 branch You collected 33 gold pieces.

Inventory:

Armour
 a - a +0 robe (worn)
 b - a +0 shield (worn)
 d - a +2 cloak
Scrolls
 j - 2 scrolls of immolation {unknown}
 k - 2 scrolls of remove curse {unknown}
 B - a scroll of blinking {@r4}
 R - 3 scrolls of identify {@r1}
Potions
 c - a potion of might {Str+5 DMG+1d10 | @q3}
 e - 3 potions of mutation {!q}
 f - a potion of heal wounds {@q1}
 h - 2 potions of magic
 i - a potion of berserk rage
 l - 2 potions of flight {unknown}
 H - a potion of haste {@q5}
 Q - a potion of curing {@q2}
Comestibles
 z - 5 rations


   Skills:
 + Level 4.8(4.1) Fighting
 + Level 4.8(4.1) Dodging
 + Level 4.8(4.1) Shields
 + Level 5.3(4.6) Unarmed Combat


You had 4 spell levels left.
You didn't know any spells.
Your spell library was empty.

Dungeon Overview and Level Annotations

Branches:
Dungeon (1/1)

Altars:
Elyvilon
Zin
The Shining One


Innate Abilities, Weirdness & Mutations

You are too large for most types of armour.
You have claws for hands.
Your metabolism is lightning-fast.
You like to eat raw meat.
Your natural rate of healing is unusually fast.
You are covered in fur. (AC +1)
You have extremely tough skin. (AC +3)
You have a pair of small horns on your head.
Your muscles are strong. (Str +2)


Message History

Unknown command.
You miss the deep elf mage. You closely miss the deep elf mage.
The rust devil hits you. The rust devil corrodes you!
The deep elf mage casts a spell.
You take 4 damage, and have 51/55 hp.
Unknown command.
Sorry, you're not good enough to have a special ability.
Unknown command.
You mangle the deep elf mage!!
The deep elf mage is heavily wounded.
The sixfirhy hits you! The sixfirhy shocks you! The sixfirhy misses you.
The rust devil barely misses you. The deep elf mage casts a spell at you.
The bolt of negative energy hits you!!
You feel drained.
Ouch! That really hurt!
* * * LOW HITPOINT WARNING * * *
The bolt of negative energy hits the sixfirhy.
The sixfirhy completely resists.
The sixfirhy hits you!
You die...

▓▓▓▓▓ ▓▓▓ #...####
##.#####
#......#####..#___#
#...)...#..#..#e@3#
##.##...#..#..###4#+###+
##.###..##'#..#..........
###.##..###...'.⌠........
#..##.†####...#...######+
...##..###....#.⌠.#
..##...##.....#...#
.##....#).....#+###
###..##.#.....#


You could see a rust devil, a deep elf mage and a sixfirhy.

Vanquished Creatures
  A water elemental (D)
  Crazy Yiuf (D)
  Jessica (D)
  A human (D)
  2 oozes (D)
  A rat (D)
7 creatures vanquished.

Vanquished Creatures (others)
  3 hellions (D)
  A yaktaur (D)
  A plant (D)
5 creatures vanquished.

Grand Total: 12 creatures vanquished

Notes
Turn   | Place    | Note
-------+----------+-------------------------------------------
     0 | D        | Redear the Troll Fighter began the quest for the Orb.
     0 | D        | Reached XP level 1. HP: 22/22 MP: 0/0
    11 | D        | Reached skill level 3 in Fighting
    11 | D        | Reached skill level 3 in Dodging
    11 | D        | Reached skill level 3 in Shields
    11 | D        | Reached XP level 2. HP: 29/31 MP: 1/1
    30 | D        | Noticed Jessica
    40 | D        | Killed Jessica
    40 | D        | Reached skill level 3 in Unarmed Combat
    40 | D        | Reached XP level 3. HP: 9/37 MP: 2/2
    97 | D        | Noticed Crazy Yiuf
   101 | D        | Killed a hellion
   105 | D        | Killed a hellion
   106 | D        | Killed Crazy Yiuf
   106 | D        | Reached skill level 4 in Fighting
   106 | D        | Reached skill level 4 in Dodging
   106 | D        | Reached skill level 4 in Shields
   106 | D        | Reached skill level 4 in Unarmed Combat
   113 | D        | Reached XP level 4. HP: 21/48 MP: 3/3
   114 | D        | Killed a hellion
   139 | D        | Gained mutation: You have a pair of small horns on your
                  | head. [potion of mutation]
   139 | D        | Gained mutation: Your muscles are strong. (Str +2) [potion
                  | of mutation]
   184 | D        | Noticed a water elemental
   188 | D        | Killed a water elemental
   188 | D        | Reached skill level 5 in Unarmed Combat
   188 | D        | Reached XP level 5. HP: 45/55 MP: 4/4
   190 | D        | Killed a yaktaur
   204 | D        | Found a glowing silver altar of Zin.
   205 | D        | Found a glowing golden altar of the Shining One.
   205 | D        | Found a white marble altar of Elyvilon.
   205 | D        | Noticed a deep elf mage
   207 | D        | Noticed a rust devil
   209 | D        | Noticed a sixfirhy
   209 | D        | HP: 1/55 [deep elf mage/bolt of negative energy (31)]
   209 | D        | Mangled by a sixfirhy

Levels and vault maps discovered:
D:        dungeon_sprint_mu [sprint_mu_entry_cave, sprint_mu_temple_rooms,
          sprint_mu_d1_spiders, sprint_mu_d2_genie, sprint_mu_d3_branching,
          sprint_mu_orc_legion, sprint_mu_elf_gauntlet, sprint_mu_hive_nellie,
          sprint_mu_lair_fedhas, sprint_mu_vaults_butterflies,
          sprint_mu_slime_circle, sprint_mu_swamp_cave, sprint_mu_snake_twists,
          sprint_mu_blade_basic, sprint_mu_crypt_fortress,
          sprint_mu_tomb_spiral, sprint_mu_vestibule_basic,
          sprint_mu_gehenna_hellfire, sprint_mu_dis_giant,
          sprint_mu_tartarus_statrot, sprint_mu_cocytus_islands, sprint_mu_zot1]

Skill      XL: |  1  2  3  4 |
---------------+-------------+-----
Fighting       | 3 4 |  4.8
Dodging        | 3 4 |  4.8
Shields        | 3 4 |  4.8
Unarmed Combat | 3 4 5 |  5.3

Action                   |  1- 3 |  4- 6 || total
-------------------------+-------+-------++-------
Melee: Unarmed           |    27 |     6 ||    33
       Headbutt          |       |     1 ||     1
  Use: Potion            |       |     1 ||     1
  Eat: Chunk             |       |     4 ||     4
Armor: Robe              |     5 |       ||     5
Dodge: Dodged            |     3 |     3 ||     6
Block: Shield            |     5 |       ||     5

Table legend:
 A = Non-vault XP
 B = Vault XP
 C = Vault XP percentage of total XP
 D = Non-vault monster count
 E = Vault monster count
 F = Vault count percentage of total count
                 A         B        C        D         E       F
            +---------+---------+-------+---------+---------+-------
      Total |       0 |     200 | 100.0 |       0 |       7 | 100.0
            +---------+---------+-------+---------+---------+-------
          D |       0 |     200 | 100.0 |       0 |       7 | 100.0
            +---------+---------+-------+---------+---------+-------
